 Dungeon Crawl Stone Soup version 0.10-a0-3162-g42b638e character file.

1426315 Surr the Faith Healer (level 23, 107/131 HPs)
             Began as an Octopode Hunter on Jan 12, 2012.
             Was a High Priest of Elyvilon.
             Escaped with the Orb
             ... and 3 runes on Jan 13, 2012!
             The game lasted 06:31:02 (71882 turns).

Surr the Faith Healer (Octopode Hunter)            Turns: 71882, Time: 06:31:02

HP 107/131       AC 12     Str 16      XL: 23   Next: 55%
MP  39/42        EV 24     Int 26      God: Elyvilon [*****.]
Gold 5468        SH 28     Dex 20      Spells: 12 memorised,  5 levels left

Res.Fire  : + . .   See Invis. : +   s - +6,+7 elf dagger (protect) {!p}
Res.Cold  : + . .   Warding    : . . g - +0 shield of Cocytus {MR SInv}
Life Prot.: + + .   Conserve   : +   e - +2 wizard hat
Res.Acid. : . . .   Res.Corr.  : .   z - amulet of conservation
Res.Poison: .       Clarity    : .   Q - ring of wizardry
Res.Elec. : .       Spirit.Shd : .   l - +5 ring of intelligence
Sust.Abil.: . .     Stasis     : .   m - ring of protection from fire
Res.Mut.  : .       Ctrl.Telep.: x   K - ring of regeneration
Res.Rott. : .       Levitation : .   a - +5 ring of evasion
Saprovore : . . .   Ctrl.Flight: .   i - +4 ring of protection
                                     L - ring of the Coward {rN+ Str+2 Int+3}
                                     d - ring "Aschus Peguc" {rN+ Str+3 Dex+2}

@: quick, extremely resistant to hostile enchantments, fairly stealthy
A: almost no armour, amphibious, constrict 8, berserk 1, cold resistance 1, slow
healing 1, camouflage 1, tentacles 3, AC +1, Int -1, Dex +1
a: Lesser Healing, Lesser Self-Healing, Divine Protection, Purification, Greater
Healing, Greater Self-Healing, Divine Vigour, Renounce Religion
}: 3/15 runes: decaying, serpentine, silver


You escaped.
You worshipped Elyvilon.
Elyvilon was exalted by your worship.
You were full.

You visited 10 branches of the dungeon, and saw 69 of its levels.
You visited the Abyss 1 time.
You visited 1 Labyrinth.
You visited 3 portal chambers: spiders nest, ice cave, trove.

You collected 7266 gold pieces.
You spent 1818 gold pieces at shops.

Inventory:

Hand weapons
 s - a +6,+7 elven dagger of protection (weapon) {!p}
 y - the +4,+5 morningstar of the Archmagi {freeze, +Inv Str+3}
   (You found it on level 4 of the Lair of Beasts)

   It has been specially enchanted to freeze those struck by it, causing extra
   injury to most foes and up to double damage against particularly susceptible
   opponents.
   It can also slow down cold-blooded creatures.
   It affects your strength (+3).
   It lets you turn invisible.
 G - the +0,+4 mace of Might {flame, +Rage rElec rC+ rN+}
   (You found it on level 4 of the Dungeon)

   It emits flame when wielded, causing extra injury to most foes and up to
   double damage against particularly susceptible opponents.
   It protects you from cold.
   It insulates you from electricity.
   It protects you from negative energy.
   It lets you go berserk.
Armour
 e - a +2 wizard hat (worn)
 g - the +0 shield of Cocytus (worn) {MR SInv}
   (You found it in a treasure trove)

   It increases your resistance to enchantments.
   It enhances your eyesight.
Magical devices
 h - a wand of teleportation (7)
 n - a wand of disintegration (3)
 J - a wand of heal wounds (6)
 O - a wand of digging (4)
Comestibles
 c - 10 honeycombs
 f - 16 bread rations
Scrolls
 r - a scroll of blinking
 u - a scroll of fear
 v - 5 scrolls of teleportation
 E - a scroll of remove curse
 R - 3 scrolls of fog
 U - a scroll of identify
Jewellery
 a - a +5 ring of evasion (on tentacle)
 d - the ring "Aschus Peguc" (on tentacle) {rN+ Str+3 Dex+2}
   (You found it on level 1 of the Lair of Beasts)

   [ring of life protection]

   It affects your strength (+3).
   It affects your dexterity (+2).
 i - a +4 ring of protection (on tentacle)
 j - an uncursed ring of invisibility
 k - an uncursed ring of levitation
 l - a +5 ring of intelligence (on tentacle)
 m - a ring of protection from fire (on tentacle)
 q - an uncursed ring of teleport control {unknown}
 t - the amulet of the Four Winds {Clar rN+ MR}
   (You found it on level 5 of the Elven Halls)

   [amulet of clarity]

   It protects you from negative energy.
   It increases your resistance to enchantments.
 z - an amulet of conservation (around mantle)
 B - an uncursed amulet of resist mutation
 D - an uncursed ring of fire
 F - an uncursed ring of protection from fire
 K - a ring of regeneration (on tentacle)
 L - the ring of the Coward (on tentacle) {rN+ Str+2 Int+3}
   (You found it on level 5 of the Elven Halls)

   [ring of life protection]

   It affects your strength (+2).
   It affects your intelligence (+3).
 P - an uncursed ring of sustenance
 Q - a ring of wizardry (on tentacle)
 Z - an uncursed ring of teleportation
Potions
 b - 4 potions of porridge
 w - a potion of magic
 x - 6 potions of curing
 C - 3 potions of agility
 H - 2 potions of invisibility
 I - 3 potions of restore abilities
 S - 2 potions of brilliance
 T - 3 potions of resistance
 Y - 2 potions of might
Orbs of Power
 p - the Orb of Zot
Miscellaneous
 A - a legendary deck of defence {the Elixir, drawn: 1}
 M - a legendary deck of changes {Water, drawn: 1}


   Skills:
 + Level 3.3 Fighting
 - Level 2.0 Short Blades
 - Level 5.0 Maces & Flails
 - Level 4.0 Throwing
 - Level 8.0 Dodging
 - Level 20.0 Stealth
 - Level 13.0 Stabbing
 - Level 15.0 Shields
 - Level 8.1 Traps & Doors
 - Level 8.2 Spellcasting
 - Level 9.2 Charms
 - Level 3.4 Summonings
 - Level 2.2 Translocations
 - Level 6.0 Ice Magic
 O Level 27 Invocations
 - Level 12.0 Evocations


You had 5 spell levels left.
You knew the following spells:

 Your Spells              Type           Power        Failure   Level  Hunger
a - Apportation           Tloc           ####......   1%          1    None
b - Blink                 Tloc           N/A          1%          2    None
c - Conjure Flame         Fire/Conj      ###......    7%          3    None
d - Abjuration            Summ           #####.....   2%          3    None
g - Shroud of Golubria    Chrm/Tloc      ######....   1%          2    None
h - Haste                 Chrm           #######..    7%          6    Honeycomb
i - Summon Ice Beast      Ice/Summ       ######....   3%          4    Strawberry
o - Ozocubu's Armour      Ice/Chrm       #######...   1%          3    None
r - Repel Missiles        Air/Chrm       #####.....   1%          2    None
s - Swiftness             Air/Chrm       #####.....   1%          2    None
t - Control Teleport      Chrm/Tloc      ######....   3%          4    Strawberry
u - Summon Butterflies    Summ           #####....    1%          1    None


Dungeon Overview and Level Annotations

Branches:
Dungeon (27/27)            Temple (1/1) D:5             Orc (4/4) D:10
    Elf (5/5) Orc:3          Lair (8/8) D:13          Swamp (5/5) Lair:2
  Slime (0/6) Lair:7        Snake (5/5) Lair:5        Vault (8/8) D:15
  Blade (1/1) Vault:4       Crypt (0/5) Vault:2         Zot (5/5) D:27

Altars:
Ashenzari
Cheibriados
Elyvilon
Fedhas
Kikubaaqudgha
Makhleb
Nemelex Xobeh
Okawaru
Sif Muna
The Shining One
Trog
Vehumet
Xom
Yredelemnul
Zin
Jiyva

Shops:
D:8: [ D:15: + D:21: ( D:25: * Orc:1: ! Orc:4: ?%*% Elf:3: %[* Elf:4: = Snake:1: / Vault:2: ? Vault:4: % Vault:7: %= Vault:8: ([

Portals:
Hell: D:21 D:22* D:23 D:24 D:25 D:26
Abyss: D:21 D:25
Pan: D:23

Annotations
D:19 Mara
D:22 1 exclusion
D:25 exclusion: upstairs
Lair:1 exclusion: oklob plant
Lair:5 exclusion: oklob plant
Swamp:2 exclusion: bog mummy
Swamp:3 exclusion: 2 bog mummies
Snake:3 1 exclusion
Vault:7 Rupert
Vault:8 Mennas


Innate Abilities, Weirdness & Mutations

You cannot wear most types of armour.
You can wear up to eight rings at the same time.
You are amphibious.
You can use your tentacles to constrict many enemies at once.
Your rubbery body absorbs attacks (AC +1).
Your skin changes colour to match your surroundings (Stlth).
You have a mass of large tentacles instead of arms.
You are agile (Dex +1).
You tend to lose your temper in combat.
Your flesh is cold resistant.
You are dopey (Int -1).
You heal slowly.


Message History

A hellion comes into view.
The hellion gestures at you.
Casting: Swiftness
Confirm with . or Enter, or press ? or * to list all spells.
You feel quick.
Use which ability? (? or * to list)
Press: ? - help, Dir - move target cursor, f - hellion Heal: a hellion Elyvilon supports your offer of peace.
The hellion turns neutral.
You feel quite a bit less full.
Use which ability? (? or * to list)
Press: ? - help, Dir - move target cursor, f - ynoxinul, p - hellion Heal: a ynoxinul Elyvilon supports your offer of peace.
The ynoxinul turns neutral.
You feel quite a bit less full.
A small abomination comes into view.
A white imp comes into view.
There is a staircase leading out of the dungeon here.
Are you sure you want to win?
You have escaped!

#########..#..#..# #.######## #.
...............#.###.......2# #.
######.###.#...#............# #.
#.###.^####......##....# #.
####...............####...# #.
###.....##...........##.##..# #.
............###.##.....##...# #.
#....#.....##..<..#.....5...# #.
#....#....#.....@.##........####.
#....#.....##..<.x#..............
............###.##.....##...#####
###......#...........##.##..#
#.####.............####...# #.#
###..####......##....# #.#
#.#...#..###.......# #.#
#.....#.#........### #.#
#.#..#..#.########


You could see a small abomination.

Vanquished Creatures
  Norris (D:19)
  2 electric golems
  Frederick (Vault:7)
  Nikola (Swamp:3)
  4 Orb Guardians (Zot:5)
  A shadow dragon (Vault:8)
  4 storm dragons
  Kirke (D:15)
  A subtractor snake (Zot:5)
  Agnes (Swamp:3)
  Frances (Swamp:2)
  A draconian monk (Zot:3)
  Donald (Swamp:1)
  A frost giant (D:23)
  Louise (Swamp:4)
  A fire giant (Vault:8)
  8 stone giants
  A deep elf annihilator (Elf:5)
  2 mottled draconians (Zot:3)
  A black draconian (Zot:3)
  Azrael (D:15)
  2 greater nagas (Snake:5)
  A yellow draconian (Zot:3)
  An anaconda (Snake:1)
  Snorg (Swamp:1)
  A vault guard (Vault:8)
  12 yaktaur captains
  2 ettins
  2 dragons
  2 great orbs of eyes
  A minotaur (Lab)
  2 ice dragons (Swamp:5)
  Harold (Lair:1)
  9 hydras
  3 ogre magi
  7 alligators
  A rakshasa (D:17)
  A deep elf demonologist (Elf:1)
  A sphinx zombie (Vault:1)
  The ghost of nht the Chopper, an experienced HOSk of Ashenzari (Lair:3)
  3 deep trolls
  A shadow dragon skeleton (D:23)
  8 very ugly things
  8 death yaks (Lair:8)
  A fire giant zombie (D:21)
  2 stone giant zombies
  A sphinx skeleton (D:18)
  Nergalle (Orc:3)
  19 centaur warriors
  3 fire giant skeletons
  3 catoblepae (Lair:8)
  5 stone giant skeletons
  A skeletal warrior (D:16)
  4 ice devils
  14 deep elf knights
  8 unseen horrors
  3 naga warriors
  20 hill giants
  A harpy (shapeshifter) (D:17)
  A swamp dragon (shapeshifter) (Vault:8)
  2 orc sorcerers
  A necromancer (Vault:5)
  4 giant amoebae
  A hill giant (shapeshifter) (Vault:8)
  10 orc knights
  Urug (Orc:3)
  4 spiny worms
  7 griffons
  2 harpy zombies
  5 oklob plants
  2 guardian serpents (Snake:4)
  3 red wasps
  A trapdoor spider zombie (D:13)
  11 cyclopes
  10 black mambas
  A fire crab (shapeshifter) (D:15)
  A stone golem (D:14)
  A catoblepas skeleton (D:17)
  9 moths of wrath
  An alligator zombie (Orc:3)
  3 elephants (Lair:7)
  5 feature mimics
  72 slime creatures
  A moth of wrath (shapeshifter) (Vault:1)
  A dragon skeleton (D:19)
  10 rock trolls
  A spiny worm zombie (Vault:6)
  27 yaktaurs
  6 trapdoor spiders
  An ettin skeleton (Vault:5)
  12 wolf spiders
  An orange demon (Elf:1)
  A hellwing (D:19)
  3 naga magi
  2 hill giant zombies
  6 spiny frogs
  An efreet (D:18)
  2 hill giant skeletons
  A deep troll zombie (Vault:5)
  A wandering mushroom (Vault:1)
  A komodo dragon (shapeshifter) (D:16)
  A spriggan (D:7)
  56 ugly things
  Prince Ribbit (D:8)
  2 rock troll zombies
  A queen bee (Lair:1)
  15 trolls
  19 hydra simulacra (Swamp:5)
  A smoke demon (D:19)
  5 two-headed ogres
  3 komodo dragons
  11 blink frogs
  A baby alligator (Swamp:4)
  A troll (shapeshifter) (D:21)
  3 rock troll skeletons
  8 redbacks
  2 deep troll skeletons
  2 basilisks
  2 bog mummies
  2 demonic crawlers (D:12)
  A wraith (D:13)
  3 blue devils (Port)
  19 yaks
  2 fire drakes
  2 yaks (shapeshifter) (D:18)
  A merfolk (shapeshifter) (Vault:1)
  A blink frog skeleton (Vault:5)
  3 wyverns
  A clay golem (Vault:3)
  A vampire (D:17)
  4 deep elf conjurers
  A golden eye (shapeshifter) (Vault:1)
  2 fire elementals (D:15)
  A hog (D:15)
  8 wood golems
  4 item mimics
  34 vampire mosquitoes
  2 manticores (shapeshifter) (Vault:8)
  9 deep elf fighters
  A rock worm (Vault:6)
  3 deep elf summoners
  3 hippogriffs
  A yaktaur zombie (Vault:4)
  A giant slug zombie (D:18)
  A cyclops zombie (Orc:3)
  3 manticores
  6 necrophages
  Menkaure (D:5)
  4 soldier ants
  A small abomination (Swamp:5)
  6 jumping spiders (Port)
  2 yaktaur skeletons
  54 swamp worms
  A hell hound (D:15)
  5 mottled dragons
  3 deep elf priests
  2 redback simulacra
  A swamp worm zombie (Swamp:2)
  10 freezing wraiths
  5 ice beasts
  3 tengu (D:20)
  A cyclops skeleton (Vault:5)
  20 insubstantial wisps
  40 orc warriors
  A black bear (D:4)
  22 ogres
  8 sky beasts
  A yak zombie (D:14)
  A hippogriff zombie (D:12)
  A rock worm zombie (D:17)
  3 phantoms
  14 giant goldfish
  22 nagas
  2 rotting devils (Elf:3)
  11 crocodiles
  9 swamp drakes
  2 big kobolds
  Sigmund (D:4)
  A boring beetle (Vault:6)
  6 deep elf magi
  26 centaurs
  2 wargs
  A giant slug (shapeshifter) (D:17)
  21 water moccasins
  27 giant frogs
  2 boulder beetle zombies
  3 giant slugs
  4 giant leeches
  2 centaur zombies (D:23)
  A tarantella (Port)
  A giant slug simulacrum (D:20)
  2 soldier ant zombies (D:15)
  5 agate snails
  A giant frog skeleton (Orc:3)
  A basilisk skeleton (D:12)
  3 eyes of draining
  An elf (shapeshifter) (D:20)
  3 swamp worm simulacra (Swamp:5)
  44 killer bees
  2 giant goldfish simulacra (Swamp:5)
  8 jellyfish
  A warg skeleton (Orc:3)
  4 wights
  5 electric eels
  A pulsating lump (Abyss)
  4 boulder beetles
  5 goliath beetles
  4 shadows
  A water moccasin simulacrum (D:21)
  20 crimson imps
  An ogre skeleton (Orc:3)
  17 orc priests
  6 big fish
  2 big kobold skeletons
  13 spiders (Port)
  12 hounds
  A quasit (Elf:4)
  A human (Lair:2)
  10 iguanas
  28 orc wizards
  8 worker ants
  8 porcupines
  A worker ant zombie (D:10)
  27 deep elf soldiers
  37 sheep
  5 jellies
  3 boggarts (D:20)
  A mummy (D:13)
  31 adders
  3 gnolls (D:14)
  A scorpion zombie (D:8)
  A shadow imp (Elf:4)
  An adder zombie (D:5)
  5 giant centipedes
  31 green rats
  7 worms
  3 giant mites
  2 iguana skeletons
  2 electric eel simulacra (Swamp:5)
  An ufetubus (Elf:4)
  14 giant geckos
  179 orcs
  5 ball pythons
  28 bats
  10 giant cockroaches
  20 goblins
  19 hobgoblins
  28 kobolds
  5 quokkas
  10 giant newts
  A giant spore (D:13)
  A grey rat zombie (Orc:3)
  5 illusory rakshasas (D:17)
  12 jackals
  5 orc skeletons
  3 orc zombies
  16 rats
  A rat skeleton (D:6)
  17 ballistomycetes (D:13)
  A butterfly (Swamp:4)
  A crawling corpse (Elf:5)
  5 fungi
  4 plants
  30 toadstools
1841 creatures vanquished.

Vanquished Creatures (collateral kills)
  A rock troll (Vault:6)
  4 ugly things (D:19)
  A jumping spider (Port)
  A crocodile (D:13)
  A hound (D:13)
  A green rat (D:13)
  2 orcs (D:13)
11 creatures vanquished.

Vanquished Creatures (others)
  An ancient lich (Zot:5)
  Margery (Snake:2)
  3 Orb Guardians (Zot:5)
  A storm dragon (Zot:5)
  An azure jelly (Swamp:5)
  3 tentacled monstrosities
  2 stone giants (Vault:8)
  A fire giant (Vault:8)
  3 deep elf sorcerers (Elf:5)
  2 deep elf death magi (Elf:5)
  A reaper (Elf:5)
  4 yaktaur captains
  8 vault guards (Vault:8)
  An ettin (Vault:8)
  A deep elf annihilator (Elf:5)
  2 deep elf demonologists (Elf:5)
  3 deep elf high priests (Elf:5)
  A deep troll (shapeshifter) (Vault:8)
  A deep elf knight (Vault:7)
  2 centaur warriors
  3 orc knights
  An orc sorcerer (D:19)
  A human (D:15)
  2 necromancers (Snake:2)
  An elf zombie (Elf:5)
  2 yaktaurs
  A smoke demon (Zot:5)
  A naga mage (Snake:3)
  3 ugly things
  A troll (D:15)
  A blink frog (Lair:4)
  A human zombie (Snake:2)
  3 yaks
  A deep elf conjurer (Elf:3)
  A deep elf summoner (Elf:3)
  3 deep elf fighters
  6 ice beasts
  2 insubstantial wisps (Swamp:4)
  A deep elf priest (Elf:3)
  12 orc warriors
  2 ogres
  7 nagas
  3 centaurs
  6 water moccasins
  A giant frog (D:14)
  2 crocodiles (Lair:8)
  23 killer bees
  A jellyfish (Vault:6)
  A quasit (D:22)
  2 orc priests
  An iguana (Lair:5)
  An iron imp (D:22)
  An orc wizard (Vault:8)
  4 deep elf soldiers
  A worker ant (D:22)
  4 sheep
  3 lemures
  3 adders
  3 green rats (Lair:4)
  3 shadow imps
  35 orcs
  A goblin (D:13)
  2 jackals
  A giant gecko zombie (D:21)
  A rat (D:5)
  A ballistomycete (D:13)
  A butterfly (Swamp:4)
  A crawling corpse (Elf:5)
  7 fungi
  2 plants (Lair:8)
  306 toadstools
519 creatures vanquished.

Grand Total: 2371 creatures vanquished

Notes
Turn   | Place    | Note
--------------------------------------------------------------
     0 | D:1      | Surr, the Octopode Hunter, began the quest for the Orb.
     0 | D:1      | Reached XP level 1. HP: 14/14 MP: 0/0
   324 | D:1      | Reached XP level 2. HP: 19/19 MP: 1/1
  1230 | D:2      | Reached skill level 1 in Evocations
  1291 | D:2      | Reached XP level 3. HP: 24/24 MP: 2/2
  1293 | D:2      | Reached skill level 1 in Stabbing
  2093 | D:3      | Reached XP level 4. HP: 30/30 MP: 3/3
  2307 | D:3      | Reached XP level 5. HP: 35/35 MP: 1/4
  2987 | D:4      | Reached XP level 6. HP: 40/40 MP: 5/5
  2993 | D:4      | Reached skill level 5 in Stealth
  3188 | D:4      | Noticed Sigmund
  3238 | D:4      | Killed Sigmund
  3238 | D:4      | Reached skill level 5 in Evocations
  3261 | D:4      | Got a pitted mace
  3296 | D:4      | Identified the mace of Might {flame, +Rage rElec rC+ rN+} (You found it on level 4 of the Dungeon)
  3556 | D:5      | Entered Level 5 of the Dungeon
  3581 | D:5      | Reached XP level 7. HP: 45/45 MP: 3/6
  3617 | D:5      | Noticed Menkaure
  3667 | D:5      | Killed Menkaure
  3667 | D:5      | Reached skill level 6 in Stealth
  4046 | D:5      | Found a staircase to the Ecumenical Temple.
  4106 | Temple   | Entered the Ecumenical Temple
  4140 | Temple   | Became a worshipper of Elyvilon the Healer
  4280 | D:5      | Acquired Elyvilon's first power
  4296 | D:5      | Reached skill level 7 in Stealth
  4301 | D:5      | Reached skill level 5 in Stabbing
  4301 | D:5      | Reached skill level 1 in Invocations
  4301 | D:5      | Reached XP level 8. HP: 51/51 MP: 5/8
  5779 | D:6      | Reached skill level 8 in Stealth
  6258 | D:7      | Reached XP level 9. HP: 43/55 MP: 13/13
  6678 | D:7      | Reached skill level 9 in Stealth
  6756 | D:8      | Found Claukik's Armour Shoppe.
  6815 | D:8      | Noticed Prince Ribbit
  6830 | D:8      | Killed Prince Ribbit
  7210 | D:8      | Reached skill level 5 in Invocations
  7225 | D:8      | Reached skill level 10 in Stealth
  8076 | D:9      | Reached skill level 1 in Maces & Flails
  8133 | D:10     | Entered Level 10 of the Dungeon
  8268 | D:10     | Found a staircase to the Orcish Mines.
  8277 | D:10     | Reached XP level 10. HP: 56/61 MP: 18/18
  8289 | D:10     | Reached skill level 5 in Dodging
  8637 | D:10     | Reached skill level 1 in Traps & Doors
  8710 | D:10     | Noticed a centaur warrior
  8808 | D:10     | Killed a centaur warrior
 10164 | D:11     | Reached skill level 11 in Stealth
 10734 | D:11     | Reached XP level 11. HP: 65/65 MP: 21/21
 11288 | D:12     | Reached skill level 1 in Shields
 11381 | D:12     | Noticed a boulder beetle
 11382 | D:12     | Noticed a boulder beetle
 11384 | D:12     | Noticed a boulder beetle
 11411 | D:12     | Killed a boulder beetle
 11413 | D:12     | Killed a boulder beetle
 11454 | D:12     | Killed a boulder beetle
 11602 | D:13     | Found a staircase to the Lair.
 11644 | D:13     | Reached skill level 12 in Stealth
 11660 | D:13     | Reached skill level 10 in Invocations
 11804 | Lair:1   | Entered Level 1 of the Lair of Beasts
 12003 | Lair:1   | Noticed Harold
 12022 | Lair:1   | Killed Harold
 12499 | Lair:1   | Got a wavering wooden ring
 12506 | Lair:1   | Identified the ring "Aschus Peguc" (You found it on level 1 of the Lair of Beasts)
 12531 | Lair:1   | Learned a level 2 spell: Blink
 12534 | Lair:1   | Learned a level 2 spell: Repel Missiles
 12791 | Lair:1   | Reached XP level 12. HP: 72/72 MP: 25/25
 12854 | Lair:1   | Reached skill level 1 in Translocations
 13097 | D:13     | Reached skill level 1 in Spellcasting
 13125 | D:13     | Reached skill level 1 in Charms
 13283 | D:13     | Reached skill level 13 in Stealth
 13514 | Lair:2   | Found a staircase to the Swamp.
 13540 | Lair:2   | Reached skill level 5 in Shields
 13705 | Lair:2   | Found a crumbling entrance.
 13716 | Spider   | Entered a spider's nest
 14333 | Spider   | Reached skill level 10 in Stabbing
 14701 | Spider   | Reached skill level 14 in Stealth
 14928 | Spider   | Acquired Elyvilon's second power
 15220 | Lair:2   | Reached XP level 13. HP: 76/76 MP: 28/28
 15323 | Lair:3   | Noticed nht's ghost (experienced HOSk)
 15347 | Lair:3   | Killed nht's ghost
 15869 | Lair:3   | Reached skill level 15 in Stealth
 16374 | Lair:2   | Paralysed by you for 7 turns
 16623 | Lair:4   | Got a fine morningstar
 16625 | Lair:4   | Identified the morningstar of the Archmagi {freeze, +Inv Str+3} (You found it on level 4 of the Lair of Beasts)
 17058 | Lair:4   | Acquired Elyvilon's third power
 17920 | Lair:5   | Found a staircase to the Snake Pit.
 18296 | Lair:4   | Reached skill level 5 in Maces & Flails
 18813 | Lair:6   | Reached skill level 10 in Evocations
 19153 | Lair:6   | Acquired Elyvilon's fourth power
 19426 | Lair:7   | Found a staircase to the Slime Pits.
 19427 | Lair:7   | Found a viscous altar of Jiyva.
 19843 | Lair:8   | Entered Level 8 of the Lair of Beasts
 19940 | Lair:8   | Reached skill level 16 in Stealth
 20040 | Lair:8   | Acquired Elyvilon's fifth power
 20220 | Lair:7   | Reached skill level 15 in Invocations
 20742 | Lair:8   | Reached XP level 14. HP: 83/83 MP: 30/30
 21050 | Lair:8   | Reached skill level 17 in Invocations
 21631 | Orc:1    | Entered Level 1 of the Orcish Mines
 22111 | Orc:1    | Found Edighipyiz's Distillery.
 22117 | Orc:1    | Bought a potion of paralysis for 14 gold pieces
 22117 | Orc:1    | Bought a potion of levitation for 42 gold pieces
 22117 | Orc:1    | Bought a potion of agility for 35 gold pieces
 22547 | Orc:3    | Noticed Erica
 22551 | Orc:3    | Pacified Erica
 23067 | Orc:4    | Entered Level 4 of the Orcish Mines
 23305 | Orc:4    | Reached skill level 5 in Traps & Doors
 23335 | Orc:4    | Reached skill level 18 in Invocations
 23342 | Orc:4    | Found Ywo Qon's Food Shoppe.
 23342 | Orc:4    | Found Myugay's General Store.
 23675 | Orc:3    | Found a staircase to the Elven Halls.
 23675 | Orc:3    | Noticed Josephine
 23926 | Orc:4    | Found Jejerghoa's Food Shop.
 23934 | Orc:4    | Found Giovvui's Magic Scroll Emporium.
 23950 | Orc:4    | Bought a scroll of amnesia for 77 gold pieces
 24385 | Orc:3    | Pacified Josephine
 24747 | Orc:3    | Noticed Nergalle
 24750 | Orc:3    | Killed Nergalle
 24770 | Orc:3    | Noticed Urug
 24784 | Orc:3    | Killed Urug
 25342 | Swamp:1  | Entered Level 1 of the Swamp
 25342 | Swamp:1  | Noticed Snorg
 25348 | Swamp:1  | Killed Snorg
 25648 | Swamp:1  | Noticed Donald
 25666 | Swamp:1  | Killed Donald
 25755 | Swamp:1  | Reached XP level 15. HP: 67/88 MP: 33/33
 26605 | Swamp:2  | Noticed Frances
 26614 | Swamp:2  | Killed Frances
 27049 | Swamp:3  | Found a snail-covered altar of Cheibriados.
 27104 | Swamp:3  | Noticed Nikola
 27132 | Swamp:3  | Killed Nikola
 27132 | Swamp:3  | Reached skill level 19 in Invocations
 27242 | Swamp:3  | Noticed Agnes
 27251 | Swamp:3  | Killed Agnes
 27934 | Swamp:4  | Noticed Louise
 28167 | Swamp:4  | Killed Louise
 28395 | Swamp:4  | Reached XP level 16. HP: 94/94 MP: 34/34
 29199 | Swamp:5  | Entered Level 5 of the Swamp
 29866 | Lair:2   | Learned a level 1 spell: Magic Dart
 29913 | D:14     | Entered Level 14 of the Dungeon
 31197 | D:15     | Entered Level 15 of the Dungeon
 31205 | D:15     | Noticed Azrael
 31205 | D:15     | Noticed a fire elemental
 31206 | D:15     | Noticed a fire elemental
 31213 | D:15     | Killed a fire elemental
 31218 | D:15     | Killed Azrael
 31234 | D:15     | Killed a fire elemental
 31489 | D:15     | Found a staircase to the Vaults.
 31499 | D:15     | Noticed Kirke
 31533 | D:15     | Killed Kirke
 31641 | D:15     | Found a bloodstained altar of Trog.
 32078 | D:15     | Found Xeaget's Book Shop.
 32100 | D:15     | Found a frozen archway.
 32182 | IceCv    | Entered an ice cave
 32770 | Vault:1  | Entered Level 1 of the Vaults
 33154 | Vault:1  | Reached skill level 20 in Stealth
 33324 | Vault:1  | Gained mutation: You are partially covered in thin metallic scales (AC +1).
 33477 | Vault:1  | Reached skill level 10 in Shields
 34121 | Vault:2  | Reached XP level 17. HP: 99/99 MP: 35/35
 34325 | Vault:2  | Found a staircase to the Crypt.
 34407 | Vault:2  | Found Nolol's Magic Scroll Emporium.
 35618 | Vault:3  | Gained mutation: Your body is slowly deteriorating.
 36102 | Vault:3  | Found a portal to a secret trove of treasure.
 36907 | Vault:4  | Found Foskam's Food Emporium.
 37211 | Vault:4  | Found a staircase to the Hall of Blades.
 37263 | Vault:4  | Gained mutation: You tend to lose your temper in combat.
 37265 | Vault:4  | Gained mutation: You are clumsy (Dex -1).
 37266 | Vault:4  | Gained mutation: Your muscles are flexible, but weak (Str -1, Dex +1).
 37579 | Lair:2   | Lost mutation: Your muscles are flexible, but weak (Str -1, Dex +1).
 37579 | Lair:2   | Lost mutation: Your body is slowly deteriorating.
 37579 | Lair:2   | Lost mutation: You are clumsy (Dex -1).
 37579 | Lair:2   | Lost mutation: You tend to lose your temper in combat.
 37579 | Lair:2   | Lost mutation: You are partially covered in thin metallic scales (AC +1).
 37703 | Elf:1    | Entered Level 1 of the Elven Halls
 37729 | Elf:1    | Learned a level 1 spell: Apportation
 37732 | Elf:1    | Learned a level 2 spell: Shroud of Golubria
 37737 | Elf:1    | Learned a level 4 spell: Control Teleport
 37867 | Elf:1    | Found a labyrinth entrance.
 37877 | Lab      | Entered a Labyrinth
 38644 | Elf:1    | You are cast into the Abyss!
 38644 | Elf:1    | Cast into the Abyss (deep elf demonologist)
 38644 | Abyss    | Entered The Abyss
 38835 | Elf:1    | You pass through the gate.
 40026 | D:17     | Found an ancient bone altar of Kikubaaqudgha.
 40195 | D:17     | Gained mutation: You are clumsy (Dex -1).
 40312 | D:17     | Gained mutation: Your flesh is cold resistant.
 40313 | D:17     | Gained mutation: Your muscles are strong, but stiff (Str +1, Dex -1).
 40314 | D:17     | Gained mutation: Your digestive system is specialised to digest meat.
 40315 | D:17     | Lost mutation: You are clumsy (Dex -1).
 40327 | D:17     | Reached XP level 18. HP: 70/104 MP: 34/36
 40507 | D:17     | Learned a level 2 spell: Ensorcelled Hibernation
 40562 | D:17     | Reached skill level 1 in Ice Magic
 41413 | D:18     | Gained mutation: You have a somewhat thin skeletal structure (Dex +2, Str -1, Stlth).
 41415 | D:18     | Gained mutation: Your flesh is very cold resistant.
 41416 | D:18     | Gained mutation: Your flesh is almost immune to the effects of cold.
 42539 | D:19     | Noticed Mara
 42666 | D:19     | Noticed Norris
 42685 | D:19     | Paralysed by Norris for 3 turns
 42694 | D:19     | Paralysed by Norris for 2 turns
 42703 | D:19     | Killed Norris
 42703 | D:19     | Reached skill level 5 in Ice Magic
 42756 | D:19     | Gained mutation: You cover ground slowly.
 42757 | D:19     | Gained mutation: Your body is misshapen.
 42758 | D:19     | Gained mutation: You are weak (Str -1).
 42770 | D:19     | Lost mutation: Your muscles are strong, but stiff (Str +1, Dex -1).
 42771 | D:19     | Gained mutation: You are frail (-10% HP).
 42772 | D:19     | Lost mutation: Your body is misshapen.
 43136 | D:19     | Upgraded the game from 0.10-a0-3139-gb9acd13 to 0.10-a0-3162-g42b638e
 43626 | D:20     | Entered Level 20 of the Dungeon
 45035 | D:21     | Reached skill level 15 in Shields
 45070 | D:21     | Found a one-way gate to the infinite horrors of the Abyss.
 45140 | D:21     | Found a gateway to Hell.
 45150 | D:21     | Found an iron altar of Okawaru.
 45706 | D:13     | Reached XP level 19. HP: 89/98 MP: 33/36
 45739 | Lair:2   | Lost mutation: You have a somewhat thin skeletal structure (Dex +2, Str -1, Stlth).
 45739 | Lair:2   | Lost mutation: You cover ground slowly.
 45739 | Lair:2   | Lost mutation: Your digestive system is specialised to digest meat.
 45739 | Lair:2   | Lost mutation: You are frail (-10% HP).
 45739 | Lair:2   | Lost mutation: You are weak (Str -1).
 45744 | Lair:2   | Learned a level 3 spell: Ozocubu's Armour
 46929 | Swamp:5  | Reached skill level 5 in Charms
 46939 | Swamp:5  | Got a decaying rune of Zot
 47113 | Lair:2   | Learned a level 4 spell: Summon Ice Beast
 47118 | Lair:2   | Learned a level 3 spell: Conjure Flame
 47395 | Vault:5  | Reached skill level 1 in Summonings
 47699 | Vault:5  | Reached skill level 5 in Spellcasting
 47821 | Vault:5  | Found a glowing silver altar of Zin.
 49715 | Vault:7  | Found Fuafoab's Jewellery Shoppe.
 49828 | Vault:7  | Got an iridescent sling
 49877 | Vault:7  | Found Usheets' Food Shop.
 50020 | Vault:7  | Identified the +5,+3 sling of Severance (You found it on level 7 of the Vaults)
 50112 | Vault:7  | Noticed Frederick
 50112 | Vault:7  | Noticed Rupert
 50311 | Vault:7  | Paralysed by Rupert for 3 turns
 50513 | D:15     | Learned a level 6 spell: Haste
 50699 | D:21     | Found Shrarrua's Antique Weapon Shop.
 51262 | D:22     | Learned a level 3 spell: Abjuration
 52416 | D:23     | Noticed a deep elf mage
 52421 | D:23     | Noticed a deep elf conjurer
 52430 | D:23     | Killed a deep elf conjurer
 52430 | D:23     | Reached XP level 20. HP: 115/115 MP: 37/37
 52431 | D:23     | Killed a deep elf mage
 52495 | D:23     | Gained mutation: You are frail (-10% HP).
 52496 | D:23     | Gained mutation: You heal slowly.
 52497 | D:23     | Gained mutation: You can translocate small distances at will.
 52498 | D:23     | Gained mutation: You are resistant to hostile enchantments.
 52500 | D:23     | Gained mutation: Your digestive system is specialised to digest meat.
 52588 | D:23     | Gained mutation: Your vision is a little blurry.
 52663 | D:23     | Found a one-way gate leading to the halls of Pandemonium.
 53238 | D:23     | Lost mutation: You are frail (-10% HP).
 54340 | Elf:2    | Lost mutation: You are resistant to hostile enchantments.
 54340 | Elf:2    | Lost mutation: Your vision is a little blurry.
 54415 | Elf:2    | Noticed Aizul
 54523 | Elf:2    | Pacified Aizul
 54987 | Elf:3    | Found Qeagger's Food Shop.
 55106 | Elf:3    | Found Yziavow's Assorted Antiques.
 55147 | Elf:3    | Found Virabaf's Armour Boutique.
 55225 | Elf:3    | Gained mutation: Your mind is acute (Int +1).
 55225 | Elf:3    | Gained mutation: Space occasionally distorts in your vicinity.
 55225 | Elf:3    | Gained mutation: You evolve.
 55502 | Elf:3    | Bought a scroll of blinking for 170 gold pieces
 55502 | Elf:3    | Bought a scroll of blinking for 170 gold pieces
 55651 | Orc:4    | Bought a scroll of blinking for 77 gold pieces 56053
                  | trove
                  | Entered a treasure trove 56075
                  | trove
                  | Got a steaming shield 56111
                  | trove
                  | Identified the +0 shield of Cocytus (You found it in a treasure trove)
 56232 | D:15     | Learned a level 1 spell: Summon Butterflies
 56585 | Elf:4    | Found Benwud's Jewellery Shoppe.
 56731 | Elf:4    | Noticed an orc priest
 56732 | Elf:4    | Pacified an orc priest
 56739 | Elf:4    | Killed an orc priest
 57141 | Elf:5    | Entered Level 5 of the Elven Halls
 57287 | Elf:4    | Identified a -1 rod of summoning (14/14) (You found it on level 4 of the Elven Halls)
 57339 | Elf:5    | Noticed a deep elf blademaster
 57340 | Elf:5    | Pacified a deep elf blademaster
 57890 | Elf:5    | Reached skill level 21 in Invocations
 58245 | Elf:5    | Got a blackened book
 58247 | Elf:5    | Got a jade amulet
 58322 | Elf:5    | Identified Lee's Tome of Floating Attacks (You found it on level 5 of the Elven Halls)
 58541 | Elf:5    | Got a conspicuous book
 58571 | Elf:5    | Got a sparkling iron ring
 58574 | Elf:5    | Identified the ring of the Coward (You found it on level 5 of the Elven Halls)
 58574 | Elf:5    | Identified the amulet of the Four Winds (You found it on level 5 of the Elven Halls)
 58593 | Elf:5    | Lost mutation: Your flesh is almost immune to the effects of cold.
 58593 | Elf:5    | Lost mutation: You can translocate small distances at will.
 58593 | Elf:5    | Lost mutation: Your mind is acute (Int +1).
 58593 | Elf:5    | Lost mutation: You evolve.
 59427 | Orc:4    | Bought a scroll of identify for 28 gold pieces
 59427 | Orc:4    | Bought a scroll of identify for 28 gold pieces
 59432 | Orc:4    | Identified Azrael's Tome of the Volcanoes (You found it on level 5 of the Elven Halls)
 59435 | Orc:4    | Bought a bread ration for 52 gold pieces
 59435 | Orc:4    | Bought a bread ration for 52 gold pieces
 59435 | Orc:4    | Bought a bread ration for 52 gold pieces
 59435 | Orc:4    | Bought a bread ration for 52 gold pieces
 59435 | Orc:4    | Bought a bread ration for 52 gold pieces
 59439 | Orc:4    | Bought a bread ration for 48 gold pieces
 59439 | Orc:4    | Bought a bread ration for 48 gold pieces
 59440 | Orc:4    | Bought a meat ration for 48 gold pieces
 59440 | Orc:4    | Bought a meat ration for 48 gold pieces
 59440 | Orc:4    | Bought a meat ration for 48 gold pieces
 59444 | Orc:4    | Bought a meat ration for 52 gold pieces
 59538 | Elf:3    | Bought a meat ration for 40 gold pieces
 59538 | Elf:3    | Bought a bread ration for 40 gold pieces
 59538 | Elf:3    | Bought a bread ration for 40 gold pieces
 59538 | Elf:3    | Bought a bread ration for 40 gold pieces
 59538 | Elf:3    | Bought a bread ration for 40 gold pieces
 59880 | Blade    | Entered the Hall of Blades
 59978 | Vault:7  | Killed Frederick
 60387 | Vault:8  | Entered Level 8 of the Vaults
 60441 | Vault:8  | Reached XP level 21. HP: 119/119 MP: 23/38
 60900 | Vault:8  | Noticed Mennas
 60905 | Vault:8  | Reached skill level 22 in Invocations
 61191 | Vault:8  | Noticed a shining eye
 61191 | Vault:8  | a boulder beetle changed into a shining eye
 61193 | Vault:8  | Reached XP level 20. HP: 115/115 MP: 37/38
 61193 | Vault:8  | a shining eye changed into a cyclops
 61260 | Vault:8  | Reached XP level 21. HP: 74/119 MP: 36/39
 61486 | Vault:8  | Noticed a shining eye
 61489 | Vault:8  | Noticed a golden dragon
 61491 | Vault:8  | a shining eye changed into a giant orange brain
 61492 | Vault:8  | Pacified a golden dragon
 61492 | Vault:8  | Noticed a shining eye
 61492 | Vault:8  | a giant orange brain changed into a shining eye
 61500 | Vault:8  | Found Mnitt's Armour Shoppe.
 61978 | Vault:8  | Noticed an iron dragon
 61978 | Vault:8  | Noticed a shining eye
 61979 | Vault:8  | a shining eye changed into a swamp dragon
 61983 | Vault:8  | Pacified an iron dragon
 62080 | Vault:8  | Reached skill level 23 in Invocations
 62234 | Vault:8  | Got a silver rune of Zot
 62416 | Vault:8  | Gained mutation: One of your tentacles bears a spike.
 62421 | Vault:8  | Gained mutation: You are agile (Dex +1).
 62422 | Vault:8  | Lost mutation: You heal slowly.
 62798 | Vault:8  | Found Wunenk's Antique Weapon Boutique.
 62831 | Vault:8  | Gained mutation: One of your tentacles bears a nasty spike.
 62833 | Vault:8  | Lost mutation: Your digestive system is specialised to digest meat.
 63644 | Snake:1  | Entered Level 1 of the Snake Pit
 63838 | Snake:1  | Found Wiafrei's Magical Wand Shoppe.
 64110 | Snake:1  | Lost mutation: Space occasionally distorts in your vicinity.
 64110 | Snake:1  | Lost mutation: One of your tentacles bears a nasty spike.
 64110 | Snake:1  | Lost mutation: One of your tentacles bears a spike.
 64110 | Snake:1  | Lost mutation: Your flesh is very cold resistant.
 64363 | Snake:2  | Noticed Margery
 64375 | Snake:2  | Pacified Margery
 64379 | Snake:2  | Reached skill level 24 in Invocations
 64397 | Snake:2  | Killed Margery
 64406 | Snake:2  | Noticed Xtahua
 64445 | Snake:2  | Pacified Xtahua
 65692 | Snake:4  | Gained mutation: You tend to lose your temper in combat.
 65694 | Snake:4  | Gained mutation: You heal slowly.
 65695 | Snake:4  | Gained mutation: You are dopey (Int -1).
 65751 | Snake:4  | Learned a level 2 spell: Swiftness
 65827 | Snake:4  | Found an iron altar of Okawaru.
 65851 | Snake:4  | Reached XP level 22. HP: 126/126 MP: 39/40
 66105 | Snake:5  | Entered Level 5 of the Snake Pit
 66551 | Snake:5  | Got a serpentine rune of Zot
 67030 | Orc:4    | Bought an uncursed ring of protection from fire for 425 gold pieces
 67793 | D:25     | Entered Level 25 of the Dungeon
 68091 | D:25     | Identified a scroll of acquirement
 68493 | D:25     | Found Marasaaw's General Store.
 68831 | D:27     | Entered Level 27 of the Dungeon
 68906 | Zot:1    | Entered Level 1 of the Realm of Zot
 69035 | Zot:1    | Reached skill level 25 in Invocations
 69850 | Zot:2    | You fall through a shaft!
 70206 | Zot:5    | Entered Level 5 of the Realm of Zot
 70390 | Zot:5    | Reached skill level 26 in Invocations
 70417 | Zot:5    | Reached XP level 23. HP: 130/130 MP: 31/42
 70492 | Zot:5    | Noticed an orb of fire
 70492 | Zot:5    | Noticed an ancient lich
 70492 | Zot:5    | Noticed an ancient lich
 70511 | Zot:5    | Pacified an ancient lich
 70572 | Zot:5    | Pacified an ancient lich
 70573 | Zot:5    | Noticed an ancient lich
 70579 | Zot:5    | Pacified an ancient lich
 70585 | Zot:5    | HP: 3/130 [electric golem/bolt of lightning (16)]
 70624 | Zot:5    | Killed an ancient lich
 70988 | Zot:5    | Got the Orb of Zot
 71424 | D:19     | Reached skill level 27 in Invocations
 71882 | D:$      | Escaped with the Orb!
